 Dungeon Crawl Stone Soup version 0.30-a0-847-g17996783a1 (webtiles) character file.

Game seed: 7548987659972332269

1037 cforsyth the Covert (level 8, -3/42 (50) HPs)
             Began as a Kobold Brigand on Mar 3, 2023.
             Was an Initiate of Hepliaklqana.
             Slain by a wight
             ... wielding a +1 war axe of flaming
              (9 damage)
             ... on level 7 of the Dungeon.
             The game lasted 00:10:15 (6785 turns).

cforsyth the Covert (Kobold Brigand)                Turns: 6785, Time: 00:10:15

HP:   -3/42 (50)    AC:  5    Str:  8 (9)  XL:     8   Next: 48%
MP:   8/8           EV: 19    Int: 12      God:    Hepliaklqana [......]
Gold: 291           SH:  0    Dex: 23 (24) Spells: 7/7 levels left

rFire   . . .      SeeInvis +    p - +2 dagger (drain)
rCold   . . .      Faith    .    (no shield)
rNeg    . . .      Spirit   .    b - +0 robe
rPois   .          Reflect  .    (no helmet)
rElec   .          Rampage  .    c - +1 cloak
rCorr   .                        (no gloves)
Will    .....                    i - +0 pair of boots
Stlth   +++++                    (no amulet)
HPRegen 0.27/turn                f - +6 ring of dexterity
MPRegen 0.11/turn                g - ring of see invisible

@: heavily drained
A: small, no large weapons, nightstalker 3
a: Renounce Religion


You were on level 7 of the Dungeon.
You worshipped Hepliaklqana.
Hepliaklqana was noncommittal.
You visited 2 branches of the dungeon, and saw 8 of its levels.

You collected 291 gold pieces.

Inventory:

Hand Weapons
 a - a +2 dagger
 p - a +2 dagger of draining (weapon)
Missiles
 d - 15 poisoned darts (quivered)
 e - 3 curare-tipped darts
Armour
 b - a +0 robe (worn)
 c - a +1 cloak (worn)
 i - a +0 pair of boots (worn)
 r - a +1 helmet
Jewellery
 f - a +6 ring of dexterity (left hand)
 g - a ring of see invisible (right hand)
 u - a ring of magical power
Scrolls
 q - 2 scrolls of teleportation
 s - a scroll of immolation
 v - 2 scrolls of identify
 y - a scroll of fog
Potions
 h - 2 potions of lignification
 j - a potion of ambrosia {unknown}
 k - 7 potions of curing
 l - 3 potions of haste
 m - a potion of heal wounds {unknown}
 n - a potion of cancellation


   Skills:
 + Level 5.4 Fighting
 + Level 6.6 Short Blades
 - Level 2.1 Throwing
 + Level 5.6 Dodging
 + Level 8.5 Stealth


You had 7 spell levels left.
You didn't know any spells.
Your spell library contained the following spells:

 Spells                   Type           Power      Damage    Failure   Level
 Apportation              Tloc           0%         N/A       32%         1
 Necrotise                Necr           0%         1d4       32%         1
 Summon Small Mammal      Summ           0%         N/A       32%         1
 Cigotuvi's Dreadful Rot  Necr/Pois/Air  0%         N/A       45%         2
 Poisonous Vapours        Pois/Air       0%         N/A       45%         2
 Mephitic Cloud           Conj/Pois/Air  0%         N/A       69%         3
 Animate Dead             Necr           0%         N/A       97%         4
 Haunt                    Necr/Summ      0%         N/A       100%        7
 Infestation              Necr           0%         N/A       100%        8


Dungeon Overview and Level Annotations

Branches:
Dungeon (7/15)             Temple (1/1) D:5

Altars:
Ashenzari
Cheibriados
Dithmenos
Elyvilon
Fedhas
Gozag
Hepliaklqana
Kikubaaqudgha
Makhleb
Nemelex Xobeh
Okawaru
Qazlal
Ru
Sif Muna
Trog
Uskayaw
Vehumet
Wu Jian
Xom
Yredelemnul
Zin
The Shining One

Annotations:
D:5 1 runed translucent door, Duvessa; cforsyth's ghost, novice KoBr


Innate Abilities, Weirdness & Mutations

You are small and have problems with some larger weapons.
You are completely attuned to the shadows.


Message History

You feel drained. The wight burns you.
You hit the wight but do no damage. You hit the wight but do no damage.
The wight misses you.
The wight hits you with a +1 war axe of flaming.
You feel drained. The wight burns you.
You hit the wight but do no damage. The wight misses you.
The wight closely misses you.
You closely miss the wight. The wight barely misses you. x2
You hit the wight but do no damage. You hit the wight.
The wight is moderately damaged.
The wight completely misses you. The wight closely misses you.
You hit the wight but do no damage.
The wight is moderately damaged.
You hit the wight.
The wight is moderately damaged.
The wight misses you. The wight closely misses you.
You hit the wight.
The wight is heavily damaged.
The wight hits you with a +0 mace!
You feel drained.
The wight hits you with a +1 war axe of flaming!
* * * LOW HITPOINT WARNING * * *
You feel drained.
* * * LOW HITPOINT WARNING * * *
The wight burns you.
* * * LOW HITPOINT WARNING * * *
You are too injured to fight recklessly!
You are too injured to fight recklessly!
You are too injured to fight recklessly!
You are too injured to fight recklessly!
You are too injured to fight recklessly!
You are too injured to fight recklessly!
You are too injured to fight recklessly!
You are too injured to fight recklessly!
The wight throws a stone.
The stone barely misses you.
There is a stone staircase leading down here.
You see here a +0 hand axe.
The wight attacks as you move away!
The wight hits you with a +1 war axe of flaming!
You die...

###..#
......##
......... .
#.........##..
#......$.....#
#........)####
#...z)....#
#....z@..<#
#..######## #.
.


You could see 2 wights.

Vanquished Creatures
  A yak (D:6)
  A sky beast (D:6)
  3 ogres
  Dowan (D:5)
  An orc priest (D:6)
  2 jellies
  2 iguanas
  4 orc wizards (D:6)
  Robin (D:2)
  3 gnolls (D:3)
  6 adders
  3 shadow imps (D:5)
  A white imp (D:5)
  An ufetubus (D:4)
  A worm (D:5)
  A dart slug (D:2)
  10 orcs
  6 ball pythons
  10 endoplasms
  7 giant cockroaches
  18 goblins
  6 hobgoblins
  8 jackals (D:1)
  5 quokkas
  9 bats
  A frilled lizard (D:1)
  2 kobolds
  3 rats
117 creatures vanquished.

Vanquished Creatures (others)
  A fungus (D:5)
  5 plants (D:2)
6 creatures vanquished.

Grand Total: 123 creatures vanquished

Notes
Turn   | Place    | Note
-------+----------+-------------------------------------------
     0 | D:1      | cforsyth the Kobold Brigand began the quest for the Orb.
     0 | D:1      | Reached XP level 1. HP: 12/12 MP: 1/1
   131 | D:1      | Reached XP level 2. HP: 18/18 MP: 2/2
   282 | D:1      | Reached XP level 3. HP: 20/22 MP: 3/3
   751 | D:1      | Reached XP level 4. HP: 27/27 MP: 4/4
   755 | D:1      | Found a faded altar of an unknown god.
  1211 | D:2      | Noticed Robin
  1511 | D:2      | Reached skill level 6 in Stealth
  1943 | D:2      | Killed Robin
  2022 | D:2      | Reached XP level 5. HP: 25/32 MP: 5/5
  3086 | D:4      | Found a shimmering blue altar of Sif Muna.
  3104 | D:4      | Found a radiant altar of Vehumet.
  3270 | D:4      | Reached XP level 6. HP: 38/38 MP: 6/6
  3434 | D:4      | Noticed an ogre
  3438 | D:4      | Killed an ogre
  3439 | D:4      | Reached skill level 7 in Stealth
  3583 | D:5      | Entered Level 5 of the Dungeon
  3642 | D:5      | Noticed an ogre
  3653 | D:5      | Killed an ogre
  3654 | D:5      | Reached skill level 5 in Short Blades
  3654 | D:5      | Reached XP level 7. HP: 20/43 MP: 7/7
  3790 | D:5      | Found a runed translucent door.
  3944 | D:5      | Noticed Dowan
  3946 | D:5      | Noticed Duvessa
  3947 | D:5      | Killed Dowan
  4322 | D:5      | Found a staircase to the Ecumenical Temple.
  4385 | Temple   | Entered the Ecumenical Temple
  4828 | Temple   | Became a worshipper of Hepliaklqana the Forgotten
  5004 | D:6      | Noticed a yak
  5005 | D:6      | Noticed a yak
  5005 | D:6      | Noticed a yak
  5006 | D:6      | Killed a yak
  5175 | D:5      | Reached skill level 5 in Dodging
  5175 | D:5      | Reached XP level 8. HP: 8/48 MP: 8/8
  5621 | D:5      | Noticed cforsyth's ghost (novice KoBr)
  5631 | D:5      | Reached skill level 5 in Fighting
  5631 | D:5      | Reached skill level 8 in Stealth
  6785 | D:7      | Slain by a wight

Illustrated notes

Levels and vault maps discovered:
D:1:      mrwooster_arrival_statue_2, layout_loops_ring,
          shapermc_ecumenical_altar_petra, st_stairs_1, minmay_worlds_worst_comb
D:2:      layout_basic, serial_bayou_crossing, uniq_robin
D:3:      layout_rooms, minmay_parallelograms, serial_bayou_ford_a
D:4:      nicolae_cairo_tiling_large, layout_rooms, nicolae_overflow_squiral
D:5:      wad_crossroads, layout_basic, minmay_temple_entry_offerings,
          serial_shops, nicolae_inconvenience_store, ebering_ghost_sewer_d,
          lemuel_flame_loot_1, uniq_crazy_yiuf_cottage, uniq_duvessa
D:6:      layout_basic
D:7:      layout_rooms, enter_bailey_3
Temple:   mainiacjoe_temple_big_plus

Skill      XL: |  1  2  3  4  5  6  7  8 |
---------------+-------------------------+-----
Short Blades   | 3 4 5 6 |  6.6
Dodging        | 2 3 4 5 |  5.6
Fighting       | 3 4 5 |  5.4
Stealth        | 6 7 8 |  8.5
Throwing       | |  2.1

Action                     |  1- 3 |  4- 6 |  7- 9 || total
---------------------------+-------+-------+-------++-------
  Melee: Dagger            |   118 |   207 |   163 ||   488
         Punch             |     1 |     2 |     4 ||     7
    Use: Scroll            |       |     7 |     6 ||    13
         Potion            |       |       |     5 ||     5
   Stab: Sleeping          |    12 |    18 |     7 ||    37
         Distracted        |       |     1 |       ||     1
         Invisible         |       |       |     2 ||     2
 Armour: Robe              |    19 |    42 |     7 ||    68
  Dodge: Dodged            |    79 |   168 |   103 ||   350

Table legend: (Time is in decaauts)
 A = Elapsed time spent in this place.
 B = Non-inter-level travel time spent in this place.
 C = Inter-level travel time spent in this place.
 D = Time resting spent in this place.
 E = Time spent auto-exploring this place.
 F = Levels seen in this place.
 G = Mean time per level.
                   A        B        C        D        E       F      G
               +--------+--------+--------+--------+--------+-----+--------+
         Total |   6688 |   6490 |    198 |   1646 |   3656 |   8 |  836.0 |
       Dungeon |   6103 |   5927 |    176 |   1646 |   3114 |   7 |  871.9 |
        Temple |    584 |    562 |     22 |      0 |    542 |   1 |  584.0 |
               +--------+--------+--------+--------+--------+-----+--------+

Top non-repeatable levels by time:
     D:5: 1336 daAuts
     D:1: 1146 daAuts
     D:2: 983 daAuts
     D:6: 931 daAuts
     D:3: 851 daAuts
     D:4: 817 daAuts
  Temple: 584 daAuts
     D:7: 36 daAuts
